 Dungeon Crawl Stone Soup version 0.31.0-9-g3a7656b989 (webtiles) character file.

Game seed: 4224355300651683153

30545 croobank the Covert (level 13, -1/70 HPs)
             Began as a Felid Summoner on Jan 24, 2024.
             Was a Believer of Kikubaaqudgha.
             Slain by a death yak (10 damage)
             ... on level 4 of the Lair of Beasts.
             The game lasted 01:28:19 (19245 turns).

croobank the Covert (Felid Summoner)               Turns: 19245, Time: 01:28:20

Health: -1/70      AC:  3    Str:  4    XL:     13   Next: 21%
Magic:  16/35      EV: 24    Int: 28    God:    Kikubaaqudgha [**....]
Gold:   117        SH:  0    Dex: 19    Spells: 7/29 levels left
                                        Lives:  0   Deaths: 5

rFire   . . .        (weapon unavailable)
rCold   + . .        (shield unavailable)
rNeg    . . .        (body armour unavailable)
rPois   .            (helmet unavailable)
rElec   .            (cloak unavailable)
rCorr   .            (gloves unavailable)
SInv    +            (boots unavailable)
Will    +....        w - amulet of magic regeneration
Stlth   +++++        E - ring of magical power
HPRegen 0.31/turn    D - +6 ring of intelligence
MPRegen 0.64/turn

%: no passive effects
@: beast-form, animating dead
A: beast (slay +0), very small, claws 1, fangs 3, see invisible, shaggy fur 3,
stealthy paws, no weapons or thrown items, no armour, multi-lived
a: Begin Untransformation, Renounce Religion, Unearth Wretches


You were on level 4 of the Lair of Beasts.
You worshipped Kikubaaqudgha.
Kikubaaqudgha was pleased with you.
You were a hulking beast.
You visited 3 branches of the dungeon, and saw 16 of its levels.
You also visited: Ossuary.

You collected 983 gold pieces.
You spent 866 gold pieces at shops.

Inventory:

Jewellery
 b - a ring of willpower
 e - a ring of positive energy
 j - a ring of protection from cold
 l - a ring of ice
 w - an amulet of magic regeneration (around neck)
 D - a +6 ring of intelligence (right paw)
 E - a ring of magical power (left paw)
Talismans
 u - a beast talisman (active)
Wands
 h - a wand of polymorph (15)
 r - a wand of flame (44)
Scrolls
 c - 3 scrolls of teleportation
 p - 5 scrolls of noise
 t - a scroll of revelation
 y - a scroll of vulnerability
 A - a scroll of poison {unknown}
 B - a scroll of immolation
 C - 2 scrolls of identify
 F - a scroll of fog
Potions
 a - a potion of magic
 d - 8 potions of curing
 f - 2 potions of enlightenment
 g - 2 potions of berserk rage
 i - a potion of ambrosia
 k - 2 potions of resistance
 m - 5 potions of mutation
 n - a potion of might
 o - 2 potions of haste
 q - 3 potions of attraction
 s - a potion of cancellation
 v - a potion of lignification
 x - 2 potions of brilliance


   Skills:
 + Level 9.4 Fighting
 - Level 10.0 Dodging
 - Level 10.0 Stealth
 + Level 8.8 Spellcasting
 + Level 1.6 Hexes
 - Level 10.0 Summonings
 * Level 9.0 Necromancy
 - Level 5.0 Fire Magic
 - Level 7.0 Air Magic


You had 7 spell levels left.
You knew the following spells:

 Your Spells              Type           Power      Damage    Failure   Level
a - Summon Small Mammal   Summ           100%       N/A       1%          1
b - Call Imp              Summ           100%       N/A       1%          2
c - Call Canine Familiar  Summ           62%        N/A       1%          3
d - Summon Blazeheart Go  Fire/Summ      53%        N/A       1%          4
e - Summon Lightning Spi  Summ/Air       56%        N/A       1%          4
A - Animate Dead          Necr           59%        N/A       1%          4
N - Anguish               Hex/Necr       21%        N/A       4%          4

Your spell library contained the following spells:

 Spells                   Type           Power      Damage    Failure   Level
 Necrotise                Necr           100%       1d9       1%          1
 Cigotuvi's Dreadful Rot  Necr/Alch/Air  84%        N/A       1%          2
 Sublimation of Blood     Necr           59%        N/A       1%          2
 Fugue of the Fallen      Necr           59%        N/A       1%          3
 Swiftness                Air            51%        N/A       1%          3
 Martyr's Knell           Necr/Summ      60%        N/A       1%          4
 Curse of Agony           Necr           59%        N/A       3%          5
 Ensorcelled Hibernation  Hex/Ice        34%        N/A       4%          2
 Ozocubu's Armour         Ice            12%        N/A       14%         3
 Passwall                 Erth           12%        N/A       14%         3
 Stone Arrow              Conj/Erth      24%        3d8       14%         3
 Borgnjor's Vile Clutch   Necr/Erth      18%        N/A       19%         5
 Manifold Assault         Tloc           12%        N/A       41%         4
 Alistair's Intoxication  Alch           8%         N/A       77%         5
 Conjure Ball Lightning   Conj/Air       16%        3x3d6     86%         6
 Eringya's Noxious Bog    Alch           6%         4d6       100%        6
 Discord                  Hex            10%        N/A       100%        8
 Disjunction              Tloc           6%         N/A       100%        8
 Lehudib's Crystal Spear  Conj/Erth      6%         10d3      100%        8
 Animate Armour           Summ/Erth      Unusable   N/A       N/A         4

Dungeon Overview and Level Annotations

Branches:
Dungeon (11/15)            Temple (1/1) D:4            Lair (4/5) D:8
 Shoals (0/4) Lair:2        Snake (0/4) Lair:3          Orc (0/2) D:9
Ossuary (visited)
  Slime: Lair:4-5

Altars:
Ashenzari
Cheibriados
Dithmenos
Elyvilon
Fedhas
Gozag
Hepliaklqana
Kikubaaqudgha
Makhleb
Nemelex Xobeh
Okawaru
Qazlal
Ru
Sif Muna
Trog
Uskayaw
Vehumet
Wu Jian
Xom
Yredelemnul
Zin
The Shining One

Shops:
D:1 *   D:2 !   D:6 =

Annotations:
D:3 need digging
D:11 !centaur warrior


Innate Abilities, Weirdness & Mutations

You are a hulking beast.
Your limbs bulge with bestial killing power. (Slay +0)
You have sharp claws.
You have razor-sharp teeth.
You have supernaturally acute eyesight. (SInv)
Your thick and shaggy fur keeps you warm. (AC +3, rC+)
Your paws help you pounce on unaware monsters.
You are incapable of wielding weapons or throwing items.
You cannot wear armour.
You gain extra lives every three experience levels.


Message History

Your cane toad zombie hits the skyshark!
Your wyvern zombie barely misses the skyshark.
The skyshark bites your cane toad zombie!
The skyshark is wracked by anguish!
The skyshark dies!
Kikubaaqudgha accepts your kill.
The dead are flying!
Your wyvern zombie barely misses the death yak.
The blink frog blinks!
Casting: Animate Dead (dangerous; 1% risk of failure)
Confirm with . or Enter, or press ? or * to list all spells.
A fiery spirit appears, bound in slag iron.
The death yak gores your cane toad zombie!!
Your wyvern zombie bites the death yak but does no damage.
Your cane toad zombie hits the death yak but does no damage.
Your wyvern zombie bites the death yak!
The blink frog blinks!
The death yak gores your cane toad zombie.
Your yak zombie gores the death yak but does no damage.
Your cane toad zombie hits the death yak!
Casting: Summon Blazeheart Golem (dangerous; 1% risk of failure)
Confirm with . or Enter, or press ? or * to list all spells.
Casting: Anguish (dangerous; 4% risk of failure)
Press: ? - help, Dir - look around, f - activate The death yak resists with almost no effort. x2
Your wyvern zombie bites the death yak but does no damage.
The death yak gores your cane toad zombie!!
Your cane toad zombie is destroyed!
Your wyvern zombie bites the death yak but does no damage.
Your skyshark zombie bites the death yak.
Your skyshark zombie tail-slaps the death yak but does no damage.
Your skyshark zombie tail-slaps the death yak.
Your yak zombie gores the death yak.
Casting: Anguish (dangerous; 4% risk of failure)
Confirm with . or Enter, or press ? or * to list all spells.
An electric hum fills the air.
Your wyvern zombie bites the death yak.
Your wyvern zombie bites the death yak but does no damage.
The death yak attacks as it pursues you!
The death yak gores you!
You die...
Kikubaaqudgha rasps: "You have failed me!
Welcome... death!"

. ............
.#...Y.........
#†.............
###.#............
#....>.Y.........
#..Z.......#P..
#ZZ.###......
#..#..Y...F....
#...#8.h.......
#.#.####..#...##
## #.....##
##..### .## ##


You could see a death yak (ally target), a blink frog, a friendly lightning
spire (summoned), a friendly yak zombie, a friendly wyvern zombie and a friendly
skyshark zombie.

Vanquished Creatures
  An ogre mage (D:10)
  2 two-headed ogres
  A boulder beetle (D:11)
  A manticore (D:11)
  4 cyclopes (D:11)
  3 elephants (Lair:2)
  A black mamba (Lair:4)
  6 cane toads
  2 komodo dragons
  A queen bee (Lair:2)
  4 trolls
  Grinder (D:4)
  4 polar bears
  8 hornets (D:10)
  Sigmund (D:2)
  4 yaks
  A wraith (D:11)
  A wyvern (Lair:4)
  2 acid dragons
  3 water moccasins
  A sky beast (D:8)
  3 orc warriors
  An ice beast (D:6)
  A black bear (Lair:1)
  4 wolves
  2 centaurs
  2 ogres
  3 gnoll sergeants
  A nameless horror (D:7)
  2 bullfrogs
  2 water moccasin zombies (Ossuary)
  A wight (D:7)
  A polar bear zombie (Lair:1)
  3 killer bees (D:8)
  An electric eel (D:8)
  A howler monkey (D:10)
  A hound (D:8)
  3 orc priests
  An iguana (D:6)
  An orc wizard (D:9)
  Natasha (D:2)
  A hell rat (Lair:2)
  A crocodile zombie (Ossuary)
  2 mummies (Ossuary)
  A hell rat zombie (Lair:2)
  2 gnolls (D:8)
  An adder zombie (D:4)
  6 orcs
  2 bats
  An endoplasm (D:1)
  A giant cockroach (D:3)
  A goblin (D:4)
  2 jackals
  5 kobolds
  2 quokkas (D:4)
  3 ball pythons
  A frilled lizard (D:1)
  A gnoll zombie (Ossuary)
  A jackal zombie (Ossuary)
121 creatures vanquished.

Vanquished Creatures (collateral kills)
  A catoblepas (Lair:1)
  2 two-headed ogres (D:11)
  Urug (Lair:4)
  2 elephants (Lair:2)
  2 cane toads (Lair:3)
  An unseen horror (D:11)
  A rime drake (Lair:3)
  3 komodo dragons (Lair:3)
  Psyche (D:8)
  A troll (D:8)
  3 hornets (D:10)
  2 polar bears
  3 blink frogs (Lair:2)
  2 nameless horrors
  13 yaks
  5 basilisks
  Eustachio (D:4)
  A steam dragon (D:6)
  A vampire mosquito (D:11)
  2 nagas (Lair:3)
  6 water moccasins
  2 orc warriors (D:9)
  A sky beast (D:7)
  A black bear (Lair:1)
  4 wolves
  An ogre (D:4)
  2 centaurs
  A phantom (D:4)
  A weeping skull (Ossuary)
  2 kobold brigands
  2 gnoll sergeants (D:9)
  Blork the orc (D:5)
  6 bullfrogs
  3 scorpions
  2 water moccasin zombies (Ossuary)
  3 wights (D:7)
  A killer bee (D:8)
  A howler monkey (D:9)
  A centaur zombie (D:4)
  4 bombardier beetles
  4 hounds
  4 jellies
  9 orc priests
  A spectral scorpion (Ossuary)
  Jessica (D:2)
  7 orc wizards
  A scorpion zombie (D:4)
  3 sleepcaps
  Ijyb (D:3)
  Natasha (twice) (D:2)
  5 hell rats (Lair:2)
  2 hound skeletons (D:4)
  7 gnolls
  11 adders
  A shadow imp (D:5)
  4 white imps
  3 adder zombies
  3 dart slugs
  41 orcs
  7 ball pythons
  3 bats
  7 endoplasms
  2 giant cockroaches
  3 goblins
  3 hobgoblins
  15 jackals
  7 kobolds
  5 quokkas
  2 frilled lizards (D:1)
  13 gnoll zombies (Ossuary)
  A jackal skeleton (D:4)
  8 jackal zombies (Ossuary)
  4 orc zombies (Ossuary)
  A quokka zombie (D:4)
  4 rats
288 creatures vanquished.

Vanquished Creatures (others)
  A boulder beetle (Lair:4)
  A skyshark (Lair:4)
  2 black mambas (Lair:3)
  A cane toad (Lair:3)
  2 blink frogs (Lair:4)
  A boulder beetle zombie (Lair:4)
  A black mamba zombie (Lair:4)
  A wyvern (Lair:3)
  3 yaks
  A basilisk (Lair:4)
  A water moccasin (Lair:2)
  3 cane toad zombies
  An elephant zombie (Lair:2)
  3 blink frog zombies (Lair:2)
  2 bullfrogs
  2 polar bear zombies
  3 yak zombies (Lair:3)
  A bullfrog zombie (Lair:4)
  3 basilisk zombies
  A hell rat zombie (Lair:2)
  64 blazeheart cores
98 creatures vanquished.

Grand Total: 507 creatures vanquished

Notes
Turn   | Place    | Note
-------+----------+-------------------------------------------
     0 | D:1      | croobank the Felid Summoner began the quest for the Orb.
     0 | D:1      | Reached XP level 1. HP: 9/9 MP: 4/4
     8 | D:1      | Found Yskaad's Assorted Antiques.
   194 | D:1      | Reached XP level 2. HP: 13/13 MP: 4/6
   197 | D:1      | Learned a level 2 spell: Call Imp
   359 | D:1      | Slain by a ball python
   359 | D:1      | Lost a life (0 lives remaining)
   689 | D:1      | Reached XP level 3. HP: 16/16 MP: 3/7
   693 | D:1      | Learned a level 3 spell: Call Canine Familiar
  1254 | D:2      | Found a shadowy altar of Dithmenos.
  1304 | D:2      | Found Mojug's Distillery.
  1315 | D:2      | Reached XP level 4. HP: 21/21 MP: 2/8
  1315 | D:2      | Gained a life (1 life remaining)
  1320 | D:2      | Bought a potion of curing for 30 gold pieces
  1403 | D:2      | Noticed Jessica
  1415 | D:2      | Killed Jessica
  1652 | D:2      | Noticed Sigmund
  1775 | D:3      | Found a blossoming altar of Fedhas.
  1775 | D:3      | Noticed Ijyb
  1893 | D:3      | Reached skill level 1 in Fighting
  2040 | D:3      | Reached XP level 5. HP: 25/25 MP: 3/10
  2406 | D:3      | Gained mutation: You are covered in thick fur. (AC +2)
                  | [Felid growth]
  2406 | D:3      | Reached XP level 6. HP: 28/30 MP: 3/11
  2556 | D:4      | Noticed Eustachio
  2867 | D:4      | Found a staircase to the Ecumenical Temple.
  2910 | Temple   | Entered the Ecumenical Temple
  2960 | D:4      | Reached skill level 5 in Stealth
  3015 | D:4      | Noticed Grinder
  3028 | D:4      | Paralysed by Grinder for 5 turns
  3032 | D:4      | Slain by Grinder
  3032 | D:4      | Lost a life (0 lives remaining)
  3119 | D:4      | Reached skill level 5 in Summonings
  3184 | D:4      | Found a radiant altar of Vehumet.
  3221 | D:5      | Entered Level 5 of the Dungeon
  3233 | D:5      | Reached skill level 5 in Dodging
  3320 | D:5      | Found a sand-covered staircase.
  3357 | Ossuary  | Entered an ossuary
  3426 | Ossuary  | Reached XP level 7. HP: 31/35 MP: 8/13
  3426 | Ossuary  | Gained a life (1 life remaining)
  4150 | D:5      | Reached XP level 8. HP: 23/40 MP: 9/15
  4242 | D:5      | Noticed Blork the orc
  4261 | D:5      | Killed Blork the orc
  4484 | D:5      | Found a broken altar of Ashenzari.
  4565 | D:5      | Found a basalt altar of Yredelemnul.
  4645 | D:5      | Learned a level 4 spell: Summon Blazeheart Golem
  4792 | D:5      | Found a sacrificial altar of Ru.
  5071 | D:5      | Found a shadowy altar of Dithmenos.
  5121 | D:6      | Reached skill level 1 in Fire Magic
  5802 | D:6      | Found Liackoum's Jewellery Shoppe.
  6726 | D:6      | Identified the +8 mace "Texoegga" {protect, rC++}
  6733 | D:6      | Learned a level 4 spell: Summon Lightning Spire
  6765 | D:6      | Reached skill level 5 in Spellcasting
  7238 | D:7      | Reached XP level 9. HP: 46/46 MP: 13/17
  7451 | D:7      | Noticed a nameless horror
  7458 | D:7      | Killed a nameless horror
  8115 | D:2      | Killed Sigmund
  8254 | D:2      | Noticed Natasha
  8266 | D:2      | Killed Natasha
  8464 | D:2      | Noticed Natasha
  8472 | D:2      | Killed Natasha
  8988 | D:3      | Killed Ijyb
  9004 | D:3      | Reached skill level 5 in Fighting
  9128 | D:3      | Found a glowing silver altar of Zin.
  9193 | D:4      | Found a shimmering altar of Xom.
  9402 | D:4      | Killed Grinder
  9490 | D:4      | Killed Eustachio
  9818 | D:4      | Found an ornate altar of the Wu Jian Council.
 10097 | D:8      | Reached XP level 10. HP: 12/51 MP: 15/19
 10097 | D:8      | Gained a life (2 lives remaining)
 10105 | D:8      | Slain by a gnoll
 10105 | D:8      | Lost a life (1 life remaining)
 10197 | D:8      | Noticed Psyche
 10212 | D:8      | Killed Psyche
 10213 | D:8      | Reached skill level 5 in Fire Magic
 10326 | D:8      | Reached skill level 1 in Air Magic
 10331 | D:8      | Found a staircase to the Lair.
 10396 | D:8      | Found an ancient bone altar of Kikubaaqudgha.
 10403 | D:8      | Became a worshipper of Kikubaaqudgha
 10530 | D:8      | Found a hazy altar of Hepliaklqana.
 10530 | D:8      | Found a snail-covered altar of Cheibriados.
 10546 | D:8      | Found a bloodstained altar of Trog.
 11110 | D:9      | Found an opulent altar of Gozag.
 11309 | D:9      | Noticed a two-headed ogre
 11319 | D:9      | Killed a two-headed ogre
 11459 | D:9      | Reached skill level 10 in Stealth
 11529 | D:9      | Reached * piety under Kikubaaqudgha
 11529 | D:9      | Received a gift from Kikubaaqudgha
 11567 | D:9      | Learned a level 4 spell: Animate Dead
 11803 | D:9      | Found a staircase to the Orcish Mines.
 12125 | D:10     | Entered Level 10 of the Dungeon
 12179 | D:10     | Reached skill level 1 in Necromancy
 12179 | D:10     | Reached XP level 11. HP: 58/58 MP: 21/21
 12344 | D:10     | Found a hide-covered altar of Uskayaw.
 12834 | D:10     | Found a sparkling altar of Nemelex Xobeh.
 12944 | D:10     | Paralysed by a hornet for 2 turns
 13137 | D:10     | Noticed an ogre mage
 13165 | D:10     | Killed an ogre mage
 13166 | D:10     | Reached skill level 10 in Dodging
 13166 | D:10     | Reached skill level 5 in Air Magic
 13607 | D:11     | Noticed a two-headed ogre
 13620 | D:11     | Killed a two-headed ogre
 14203 | D:11     | Noticed a boulder beetle
 14213 | D:11     | Killed a boulder beetle
 14214 | D:11     | Noticed a two-headed ogre
 14222 | D:11     | Killed a two-headed ogre
 14224 | D:11     | Reached ** piety under Kikubaaqudgha
 14226 | D:11     | Noticed a two-headed ogre
 14233 | D:11     | Killed a two-headed ogre
 14234 | D:11     | Reached skill level 5 in Necromancy
 14239 | D:11     | Gained mutation: Your thick and shaggy fur keeps you warm.
                  | (AC +3, rC+) [Felid growth]
 14239 | D:11     | Reached XP level 12. HP: 23/64 MP: 24/24
 14242 | D:11     | Hit by a large rock thrown by a cyclops
 14242 | D:11     | Lost a life (0 lives remaining)
 14494 | D:11     | Noticed a centaur warrior
 14703 | Lair:1   | Entered Level 1 of the Lair of Beasts
 15471 | Lair:1   | Noticed a catoblepas
 15813 | Lair:1   | Killed a catoblepas
 16493 | Lair:2   | HP: 3/65 [harpy (8)]
 16493 | Lair:2   | HP: 1/65 [harpy (2)]
 16503 | Lair:2   | Found a staircase to the Shoals.
 16503 | Lair:2   | Reached *** piety under Kikubaaqudgha
 16503 | Lair:2   | Received a gift from Kikubaaqudgha
 16949 | Lair:2   | Learned a level 4 spell: Anguish
 17490 | D:6      | Bought a +6 ring of intelligence for 468 gold pieces
 17491 | D:6      | Bought a ring of magical power for 260 gold pieces
 17612 | D:2      | Noticed Natasha
 17620 | D:2      | Killed Natasha
 17622 | D:2      | Bought a potion of brilliance for 40 gold pieces
 17651 | D:1      | Bought a scroll of fog for 68 gold pieces
 18239 | Lair:3   | Found a staircase to the Snake Pit.
 18248 | Lair:3   | Reached XP level 13. HP: 70/70 MP: 26/26
 18248 | Lair:3   | Gained a life (1 life remaining)
 18300 | Lair:3   | Reached skill level 10 in Summonings
 19174 | Lair:4   | Noticed Urug
 19190 | Lair:4   | HP: 5/102 [blink frog (6)]
 19192 | Lair:4   | HP: 2/102 [death yak (3)]
 19192 | Lair:4   | Killed Urug
 19193 | Lair:4   | Reached skill level 1 in Hexes
 19195 | Lair:4   | Slain by a blink frog
 19195 | Lair:4   | Lost a life (0 lives remaining)
 19245 | Lair:4   | Slain by a death yak

Illustrated notes

Levels and vault maps discovered:
D:1:      nzn_arrival_crosshair, layout_basic, serial_shops, shop
D:2:      layout_loops_ring, basic_altar, serial_shops, shop, uniq_natasha,
          uniq_sigmund, uniq_jessica
D:3:      layout_rooms, fedhas_ov_isle_minmay, zin_scriptorium,
          minmay_misc_feat_columns, moated_statue, uniq_ijyb
D:4:      layout_basic, mainiacjoe_overflow_small_starburst,
          nicolae_vehumet_altar_sigil, lemuel_crystal_altar,
          minmay_temple_entry_ruins, serial_undead, serial_undead_f,
          serial_undead_a, serial_undead_f, serial_undead_f, uniq_eustachio,
          uniq_grinder
D:5:      layout_basic, mainiacjoe_overflow_boulevard,
          mainiacjoe_overflow_surrounded_room, mainiacjoe_overflow_alcove_1,
          mainiacjoe_overflow_alcove_4, enter_ossuary_1, grunt_decor_arrowhead,
          uniq_blork_the_orc
D:6:      layout_loops_ring, serial_shops, nicolae_shop_advertising_works
          [nicolae_subvault_shop_adworks]
D:7:      layout_rooms
D:8:      layout_cave_pools, kiku_gazebo_pond_becter, trog_book,
          gammafunk_temple_overflow_elements, erik_lair_island,
          chequers_hall_statues_corner_a, uniq_psyche
D:9:      layout_roguey, grunt_gozag_statues,
          kennysheep_orc_monster_closet_entryway, minmay_misc_feat_iff
D:10:     hellmonk_paralyzer, layout_long_grid, nemelex_spade_bored_becter,
          old_standard_altar
D:11:     minmay_bubble_buster, layout_small_grid
Temple:   nicolae_temple_ecumenical_triangle
Lair:1:   beast_lair_carwin_large_2, layout_cave_pods
Lair:2:   layout_concentric_octagons, nicolae_shoals_entry_roost
Lair:3:   layout_cave_pods, guppyfry_snake_entry_island
Lair:4:   layout_cave_shapes, grunt_megastairs_5, uniq_urug

Skill      XL: |  1  2  3  4  5  6  7  8  9 10 11 12 13 |
---------------+----------------------------------------+-----
Dodging        | 3 4 5 6 7 8 9 10 | 10.0
Stealth        | 3 4 5 6 7 9 10 | 10.0
Fighting       | 1 2 3 4 5 6 7 9 |  9.4
Spellcasting   | 3 4 5 6 7 8 |  8.8
Summonings     | 5 6 7 8 9 10 | 10.0
Fire Magic     | 2 4 5 |  5.0
Air Magic      | 4 6 7 |  7.0
Necromancy     | 1 5 8 9 |  9.0
Hexes          | 1 |  1.6

Action                     |  1- 3 |  4- 6 |  7- 9 | 10-12 | 13-15 || total
---------------------------+-------+-------+-------+-------+-------++-------
  Melee: Unarmed           |    23 |    51 |    59 |    81 |    10 ||   224
         Bite              |     2 |     7 |     5 |    17 |       ||    31
         Punch             |       |     2 |       |     1 |       ||     3
   Cast: Summon Small Mamm |    35 |    27 |    66 |    13 |     7 ||   148
         Call Imp          |    16 |    21 |    40 |    12 |     3 ||    92
         Call Canine Famil |     1 |    15 |    30 |    16 |     4 ||    66
         Summon Blazeheart |       |       |    18 |    71 |     3 ||    92
         Summon Lightning  |       |       |     8 |    33 |     2 ||    43
         Anguish           |       |       |       |    10 |    11 ||    21
         Animate Dead      |       |       |       |     7 |     2 ||     9
 Invoke: Unearth Wretches  |       |       |       |       |     6 ||     6
  Evoke: Wand              |       |       |     7 |     9 |       ||    16
    Use: Scroll            |       |     9 |     7 |    11 |     1 ||    28
         Potion            |       |     2 |       |     3 |     4 ||     9
   Stab: Distracted        |     2 |     3 |     2 |     3 |       ||    10
         Sleeping          |     1 |     2 |     7 |     2 |       ||    12
         Invisible         |       |       |     1 |     1 |       ||     2
         Paralysed         |       |       |       |       |     6 ||     6
 Armour: Skin              |    11 |    52 |    51 |    90 |    69 ||   273
  Dodge: Dodged            |    21 |   123 |   141 |   194 |    38 ||   517
   Form: Beast             |       |       |       |     1 |       ||     1
